 Dungeon Crawl Stone Soup version 0.24-a0-619-gb7544fd237 (webtiles) character file.

Game seed: 7506681364613042168, levelgen mode: deterministic

18312 lazerlord the Destroyer (level 12, -5/67 HPs)
             Began as a Gargoyle Wizard on Sept 18, 2019.
             Was the Champion of Okawaru.
             Engulfed by an ice statue's freezing vapour (22 damage)
             ... in an ice cave.
             The game lasted 00:42:20 (16475 turns).

lazerlord the Destroyer (Gargoyle Wizard)          Turns: 16475, Time: 00:42:20

Health: -5/67      AC: 20    Str: 12    XL:     12   Next: 57%
Magic:  27/27      EV: 12    Int: 23    God:    Okawaru [******]
Gold:   990        SH:  0    Dex:  8    Spells: 16/34 levels left

rFire    . . .     SeeInvis .   G - +5 trident (venom)
rCold    . . .     Gourm    .   (no shield)
rNeg     + + .     Faith    .   C - +2 robe {MR+}
rPois    ∞         Spirit   .   j - +2 hat
rElec    +         Reflect  .   s - +2 cloak
rCorr    .         Harm     .   r - +0 pair of gloves
MR       +....                  F - +1 pair of boots
Stlth    ++........             (no amulet)
HPRegen  0.21/turn              (no ring)
MPRegen  0.20/turn              v - ring of positive energy

@: no status effects
A: negative energy resistance 1, electricity resistance, unbreathing,
petrification resistance, rot immunity, AC +8
a: Heroism, Finesse, Renounce Religion


You were in an ice cave.
You worshipped Okawaru.
Okawaru was exalted by your worship.
You were not hungry.

You visited 3 branches of the dungeon, and saw 16 of its levels.
You also visited: Ice Cave.

You collected 990 gold pieces.

Inventory:

Hand Weapons
 G - a +5 trident of venom (weapon)
Armour
 j - a +2 hat (worn)
 r - a +0 pair of gloves (worn)
 s - a +2 cloak (worn)
 C - a +2 robe of magic resistance (worn)
 F - a +1 pair of boots (worn)
 R - a +2 buckler
Magical Staves
 t - an uncursed staff of earth
 D - an uncursed staff of power
 K - an uncursed staff of air
Jewellery
 n - an uncursed ring of flight
 v - a ring of positive energy (right hand)
 B - an uncursed ring of fire
 H - an uncursed ring of see invisible
 S - an uncursed ring of resist corrosion {unknown}
Wands
 k - a wand of random effects (32)
 m - a wand of iceblast (16)
 p - a wand of digging (3)
 y - a wand of paralysis (4)
 J - a wand of enslavement (7)
 L - a wand of acid (6)
 T - a wand of disintegration (15)
Scrolls
 b - 2 scrolls of amnesia
 e - a scroll of fear
 f - 3 scrolls of identify
 h - 9 scrolls of remove curse
 E - a scroll of teleportation {unknown}
 I - a scroll of enchant armour {unknown}
 P - a scroll of immolation {unknown}
 V - a scroll of blinking
 W - a scroll of noise {unknown}
 X - 2 scrolls of brand weapon {unknown}
Potions
 a - 2 potions of flight
 g - 4 potions of brilliance
 i - 3 potions of lignification
 l - a potion of invisibility
 o - 6 potions of curing
 u - 3 potions of ambrosia
 x - 2 potions of heal wounds
 z - a potion of berserk rage
 A - a potion of resistance
 M - 3 potions of might
 N - a potion of degeneration
 O - a potion of agility
Miscellaneous
 U - a crystal ball of energy
Comestibles
 d - 26 rations


   Skills:
 + Level 4.6 Fighting
 + Level 2.4 Dodging
 - Level 2.1 Stealth
 + Level 11.5 Spellcasting
 + Level 11.5 Conjurations
   Level 0.8 Summonings
 - Level 0.8 Translocations
 - Level 4.5 Fire Magic
 - Level 1.1 Air Magic
 * Level 10.1 Poison Magic


You had 16 spell levels left.
You knew the following spells:

 Your Spells              Type           Power        Failure   Level  Hunger
a - Magic Dart            Conj           ####         1%          1    None
b - Blink                 Tloc           N/A          4%          2    None
c - Conjure Flame         Conj/Fire      ######..     1%          3    None
d - Mephitic Cloud        Conj/Pois/Air  #####...     1%          3    None
e - Venom Bolt            Conj/Pois      ######....   1%          5    ####...
f - Olgreb's Toxic Radia  Pois           ######..     1%          4    None

Your spell library contained the following spells:

 Spells                   Type           Power        Failure   Level  Hunger
 Sting                    Conj/Pois      ####         1%          1    None
 Poisonous Vapours        Pois/Air       #####.       1%          2    None
 Infusion                 Chrm           ##..         4%          1    None
 Call Imp                 Summ           ###.....     4%          2    None
 Shroud of Golubria       Chrm/Tloc      ###...       6%          2    None
 Slow                     Hex            ##......     8%          2    None
 Song of Slaying          Chrm           ##......     8%          2    None
 Regeneration             Chrm/Necr      ##........   14%         3    None
 Spectral Weapon          Hex/Chrm       ##......     14%         3    None


Dungeon Overview and Level Annotations

Branches:
Dungeon (13/15)            Temple (1/1) D:7            Lair (2/6) D:10
  Swamp (0/4) Lair:2          Orc (0/2) D:12          IceCv (1/1)
  Snake: Lair:2-4    Spider: Lair:2-4    Vaults: D:13-14

Altars:
Ashenzari
Cheibriados
Dithmenos
Elyvilon
Fedhas
Gozag
Hepliaklqana
Kikubaaqudgha
Makhleb
Nemelex Xobeh
Okawaru
Qazlal
Ru
Sif Muna
Trog
Uskayaw
Vehumet
Wu Jian
Xom
Yredelemnul
Zin
The Shining One

Shops:
D:11 [

Annotations:
IceCv exclusion: 2 ice statues


Innate Abilities, Weirdness & Mutations

You are resistant to torment.
Your stone body is resilient. (AC +8)
You are immune to poison.
You resist negative energy. (rN+)
You are resistant to electric shocks. (rElec)
You can survive without breathing.
You are immune to petrification.
You are immune to rotting.


Message History

The ice statue is almost destroyed.
The ice statue gestures at you. The freezing blast engulfs you!
Attack whom?
Press: ? - help, Dir - move target cursor, f/p - ice statue
Aim: an ice statue (freezing vapour, almost destroyed)
You reach to attack!
You hit the ice statue but do no damage.
The ice statue is almost destroyed.
You are engulfed in freezing vapours.
The ice statue glitters chillingly in the dim dungeon light.
The ice statue gestures at you.
The freezing blast engulfs you but does no damage.
The ice statue gestures at you. The shard of ice misses you.
You are engulfed in freezing vapours.
* * * LOW HITPOINT WARNING * * *
Unknown command.
You are engulfed in freezing vapours.
You die...

##.....##
#...∩...#
#...∩...#
##.....##
##...## ##...#
#...##
#...#########
##....@°°○°.#
##...###Y####
##8#......8°°.#
#.........°.###
#.............#
#.............#
...............#
...............#
.......⌠.......#


You could see an ice beast.

Vanquished Creatures
  An ogre mage (D:12)
  Erolcha (D:9)
  6 two-headed ogres
  A deep elf mage (D:12)
  An ugly thing (D:12)
  Maurice (D:11)
  A rime drake (Lair:2)
  2 kobold demonologists (D:11)
  2 komodo dragons (Lair:1)
  A troll (D:11)
  2 meliai
  A bog body (Lair:2)
  A hippogriff (Lair:2)
  A spriggan (D:8)
  5 yaks (Lair:1)
  2 wyverns
  2 basilisks
  A soldier ant (D:12)
  4 wargs
  3 water moccasins
  3 porcupines
  2 black bears
  An eye of draining (D:11)
  14 orc warriors
  6 ogres
  A phantom (D:9)
  3 centaurs
  6 wolves (Lair:1)
  4 crocodiles
  3 big kobolds (D:11)
  7 bullfrogs
  3 wyvern zombies
  2 wyvern skeletons (D:11)
  4 scorpions
  8 killer bees
  3 wights (D:11)
  2 howler monkeys
  8 crimson imps
  A bullfrog zombie (D:10)
  2 centaur zombies
  6 hounds
  12 orc priests
  A jelly (D:11)
  2 bullfrog skeletons (D:7)
  2 centaur skeletons
  9 orc wizards
  2 iguanas (D:6)
  12 worker ants
  A killer bee zombie (D:10)
  A hound zombie (D:8)
  2 hound skeletons
  2 worker ant zombies (D:6)
  6 adders
  A shadow imp (D:7)
  12 white imps (Lair:2)
  An ooze (D:3)
  An adder skeleton (D:9)
  2 worms
  A dart slug (D:1)
  4 leopard geckos
  55 orcs
  4 giant cockroaches
  6 goblins
  3 hobgoblins
  4 jackals
  12 kobolds
  A quokka (D:8)
  6 bats
  4 frilled lizards
  A giant cockroach zombie (D:5)
  A quokka skeleton (D:3)
  8 rats
307 creatures vanquished.

Vanquished Creatures (collateral kills)
  A meliai (D:12)
1 creature vanquished.

Vanquished Creatures (others)
  A killer bee (D:12)
  4 toadstools (D:3)
5 creatures vanquished.

Grand Total: 313 creatures vanquished

Notes
Turn   | Place    | Note
-------+----------+-------------------------------------------
     0 | D:1      | lazerlord the Gargoyle Wizard began the quest for the Orb.
     0 | D:1      | Reached XP level 1. HP: 10/10 MP: 4/4
     0 | D:1      | Noticed an iron dragon
     0 | D:1      | Noticed a large abomination
     3 | D:1      | Noticed a tentacled monstrosity
     3 | D:1      | Noticed a shadow dragon
     6 | D:1      | Noticed a tentacled monstrosity
     8 | D:1      | Noticed a black draconian
    10 | D:1      | Noticed an orb of fire
    10 | D:1      | Noticed an orb of fire
    12 | D:1      | Noticed a white draconian
    12 | D:1      | Noticed an iron dragon
    14 | D:1      | Noticed a tentacled monstrosity
    14 | D:1      | Noticed an ice dragon
    14 | D:1      | Noticed a tentacled monstrosity
    16 | D:1      | Noticed a shadow dragon
    16 | D:1      | Noticed an orb of fire
    18 | D:1      | Noticed a tentacled monstrosity
    18 | D:1      | Noticed a large abomination
    44 | D:1      | Noticed an ice dragon
   296 | D:1      | Reached XP level 2. HP: 10/15 MP: 0/6
   933 | D:2      | Found a shimmering blue altar of Sif Muna.
   979 | D:2      | Reached XP level 3. HP: 19/19 MP: 2/8
  1058 | D:2      | Learned a level 2 spell: Blink
  1062 | D:2      | Learned a level 3 spell: Conjure Flame
  1066 | D:2      | Learned a level 3 spell: Mephitic Cloud
  1686 | D:3      | Reached XP level 4. HP: 19/24 MP: 2/10
  2464 | D:3      | Reached skill level 1 in Fire Magic
  2464 | D:3      | Reached XP level 5. HP: 24/28 MP: 1/11
  3308 | D:4      | Reached XP level 6. HP: 32/32 MP: 3/12
  3460 | D:5      | Entered Level 5 of the Dungeon
  4063 | D:5      | Reached skill level 5 in Spellcasting
  4063 | D:5      | Reached skill level 5 in Conjurations
  4393 | D:6      | Reached XP level 7. HP: 32/37 MP: 7/14
  4551 | D:6      | Reached skill level 1 in Fighting
  4809 | D:6      | Found a shattered altar of Ashenzari.
  5212 | D:6      | Found a blossoming altar of Fedhas.
  5403 | D:6      | Reached XP level 8. HP: 28/43 MP: 9/17
  5603 | D:7      | Found a staircase to the Ecumenical Temple.
  5616 | Temple   | Entered the Ecumenical Temple
  5829 | D:7      | Found a shimmering altar of Xom.
  6019 | D:7      | Found a snail-covered altar of Cheibriados.
  7067 | D:8      | Noticed a spriggan baker
  7071 | D:8      | Killed a spriggan baker
  7071 | D:8      | Reached XP level 9. HP: 38/48 MP: 16/20
  7195 | D:8      | Found a shadowy altar of Dithmenos.
  7198 | D:8      | Found a hide-covered altar of Uskayaw.
  7731 | D:9      | Noticed Erolcha
  7826 | D:9      | Noticed a two-headed ogre
  8048 | D:9      | Killed Erolcha
  8048 | D:9      | Reached skill level 1 in Air Magic
  8051 | D:9      | Reached XP level 10. HP: 55/56 MP: 21/22
  8059 | D:9      | Killed a two-headed ogre
  8528 | D:9      | Found an iron altar of Okawaru.
  8536 | D:9      | Became a worshipper of Warmaster Okawaru
  8702 | D:8      | Learned a level 5 spell: Venom Bolt
  8736 | D:10     | Entered Level 10 of the Dungeon
  8814 | D:10     | Reached skill level 1 in Poison Magic
  9029 | D:10     | Found a staircase to the Lair.
  9063 | D:10     | Reached * piety under Okawaru
  9781 | D:11     | Found Esazyor's Antique Armour Emporium.
  9804 | D:11     | Noticed a kobold demonologist
  9825 | D:11     | Killed a kobold demonologist
  9914 | D:11     | Noticed a two-headed ogre
  9924 | D:11     | Killed a two-headed ogre
 10014 | D:11     | Found a bloodstained altar of Trog.
 10019 | D:11     | Reached ** piety under Okawaru
 10034 | D:11     | Reached XP level 11. HP: 61/61 MP: 14/24
 10043 | D:11     | Noticed a two-headed ogre
 10317 | D:11     | Learned a level 4 spell: Olgreb's Toxic Radiance
 10420 | D:11     | Noticed Maurice
 10460 | D:11     | Killed Maurice
 10460 | D:11     | Reached skill level 10 in Spellcasting
 10777 | D:11     | Reached skill level 10 in Conjurations
 11084 | D:11     | Reached *** piety under Okawaru
 11941 | D:12     | Noticed a deep elf mage
 11953 | D:12     | Killed a deep elf mage
 11953 | D:12     | Reached **** piety under Okawaru
 12623 | D:12     | Found a staircase to the Orcish Mines.
 12645 | D:12     | Noticed a two-headed ogre
 12647 | D:12     | Noticed an ogre mage
 12648 | D:12     | Killed a two-headed ogre
 12648 | D:12     | Noticed a two-headed ogre
 12650 | D:12     | Noticed a two-headed ogre
 12657 | D:12     | Paralysed by an ogre mage for 3 turns
 12663 | D:12     | Killed an ogre mage
 12663 | D:12     | Reached ***** piety under Okawaru
 12681 | D:12     | Killed a two-headed ogre
 12681 | D:12     | Reached XP level 12. HP: 66/66 MP: 1/26
 12681 | D:12     | Noticed a two-headed ogre
 12703 | D:12     | Killed a two-headed ogre
 12867 | D:12     | Killed a two-headed ogre
 13578 | Lair:1   | Entered Level 1 of the Lair of Beasts
 14060 | Lair:1   | Reached skill level 10 in Poison Magic
 14426 | Lair:1   | Reached ****** piety under Okawaru
 14859 | Lair:2   | Found a staircase to the Swamp.
 15172 | Lair:2   | Found a frozen archway.
 15241 | IceCv    | Entered an ice cave
 16475 | IceCv    | Engulfed by an ice statue's freezing vapour

Levels and vault maps discovered:
D:1:      shiori_arrival_whats_in_store_for_you, layout_loops_ring
D:2:      layout_basic, lemuel_coloured_pillars_altar
D:3:      layout_basic, minmay_misc_feat_nine_boxes, minmay_gold_behind_fungi,
          minivault_4
D:4:      layout_basic
D:5:      layout_loops_ring, first_ration
D:6:      layout_gridville, cheibrodos_ashenzari_chains, kennysheep_mini,
          hangedman_abyss_or_decor_jellyfish_corner
D:7:      layout_loops_corners, overflow_temple_1_default, cheibriados_altar_1,
          minmay_temple_entry_statues_fountains
D:8:      minmay_evil_eye, layout_basic,
          chequers_temple_overflow_statue_of_worship, the_bakery,
          chequers_serial_rivers_small_b
D:9:      layout_big_octagon, okawaru_gym_becter, uniq_erolcha
D:10:     layout_roguey, erik_lair_orcish_takeover
D:11:     layout_irregular_city, serial_shops, shop, bloody_trog, uniq_maurice
D:12:     layout_roguey [special_room_orc], david_orc_3, eino_jars
D:13:     layout_gridville, lightli_vaults_fourway_checkpoint,
          gammafunk_ghost_mausoleum, uniq_kirke
Temple:   eino_narrow_crystal_temple
Lair:1:   layout_long_grid
Lair:2:   layout_loops_ring, skrybe_swamp_entry_bodies,
          portal_ice_cave_entry_imps
IceCv:    ice_cave_tombish

Skill      XL: |  1  2  3  4  5  6  7  8  9 10 11 12 |
---------------+-------------------------------------+-----
Conjurations   | 2 3 4 5 6 7 9 11 | 11.5
Spellcasting   | 4 5 6 7 8 9 10 11 | 11.5
Fire Magic     | 1 2 3 4 |  4.5
Fighting       | 1 2 3 4 |  4.6
Dodging        | 2 |  2.4
Air Magic      | 1 |  1.1
Poison Magic   | 6 9 10 | 10.1
Stealth        | |  2.1
Summonings     | |  0.8
Translocations | |  0.8

Action                   |  1- 3 |  4- 6 |  7- 9 | 10-12 || total
-------------------------+-------+-------+-------+-------++-------
Melee: Spear             |    25 |    90 |    64 |       ||   179
       Staff             |       |       |    19 |   128 ||   147
       Trident           |       |       |       |   100 ||   100
Throw: Javelin           |       |     6 |     4 |       ||    10
 Cast: Magic Dart        |    79 |   129 |   178 |   229 ||   615
       Mephitic Cloud    |     4 |     6 |    17 |    19 ||    46
       Conjure Flame     |       |     1 |    27 |    54 ||    82
       Venom Bolt        |       |       |       |   106 ||   106
       Olgreb's Toxic Ra |       |       |       |     8 ||     8
       Blink             |       |       |       |     6 ||     6
Evoke: Wand              |       |       |       |     8 ||     8
  Use: Scroll            |       |     7 |       |    16 ||    23
 Stab: Sleeping          |     1 |     1 |       |     1 ||     3
       Confused          |     1 |     2 |     3 |     1 ||     7
  Eat: Chunk             |     2 |    10 |    11 |    28 ||    51
       Ration            |       |       |       |     6 ||     6
Armor: Robe              |    12 |    53 |    29 |   208 ||   302
Dodge: Dodged            |    23 |    67 |    60 |   232 ||   382

Table legend:
 A = Non-vault XP
 B = Vault XP
 C = Vault XP percentage of total XP
 D = Non-vault monster count
 E = Vault monster count
 F = Vault count percentage of total count
                 A         B        C        D         E       F
            +---------+---------+-------+---------+---------+-------
      Total |   21020 |    5141 |  19.7 |     240 |      69 |  22.3
            +---------+---------+-------+---------+---------+-------
        D:1 |      24 |       0 |   0.0 |      14 |       0 |   0.0
        D:2 |      52 |       0 |   0.0 |      20 |       0 |   0.0
        D:3 |     133 |       0 |   0.0 |      24 |       0 |   0.0
        D:4 |     113 |       0 |   0.0 |       6 |       0 |   0.0
        D:5 |     280 |       0 |   0.0 |      11 |       0 |   0.0
        D:6 |     636 |       0 |   0.0 |      15 |       0 |   0.0
        D:7 |     831 |       0 |   0.0 |      22 |       0 |   0.0
        D:8 |     688 |     355 |  34.0 |      18 |       4 |  18.2
        D:9 |    1790 |     980 |  35.4 |      18 |       1 |   5.3
       D:10 |     720 |     724 |  50.1 |       9 |      10 |  52.6
       D:11 |    4682 |     971 |  17.2 |      30 |       6 |  16.7
       D:12 |    6784 |    1747 |  20.5 |      28 |      35 |  55.6
     Lair:1 |    3277 |       0 |   0.0 |      20 |       0 |   0.0
     Lair:2 |    1010 |     364 |  26.5 |       5 |      13 |  72.2
            +---------+---------+-------+---------+---------+-------
